 Dungeon Crawl Stone Soup version 0.19.1 (webtiles) character file.

830 lorenzova the Thaumaturge (level 7, 0/36 HPs)
             Began as a Deep Elf Conjurer on Dec 8, 2016.
             Slain by a kobold zombie (3 damage)
             ... in an ossuary.
             The game lasted 00:11:54 (4755 turns).

lorenzova the Thaumaturge (Deep Elf Conjurer)       Turns: 4755, Time: 00:11:54

Health: 0/36       AC:  3    Str:  4 (5)  XL:     7   Next: 65%
Magic:  1/20       EV: 15    Int: 21 (22) God:
Gold:   247        SH:  0    Dex: 19 (20) Spells: 3 memorised, 12 levels left

rFire  . . .     SeeInvis .     f - +2 spear (venom)
rCold  . . .     Gourm    .     a - +0 robe
rNeg   . . .     Faith    .     (no shield)
rPois  .         Spirit   .     (no helmet)
rElec  .         Reflect  .     z - +0 cloak (curse)
rCorr  .         Harm     .     (no gloves)
MR     .....                    (no boots)
Stlth  ++........               (no amulet)
                                A - +2 ring of evasion
                                s - +5 ring of dexterity (curse)

@: no status effects
A: no striking features
a: no special abilities


You were in an ossuary.
You were hungry.

You visited 1 branch of the dungeon, and saw 5 of its levels.
You also visited: Ossuary.

You collected 247 gold pieces.

Inventory:

Hand Weapons
 f - a +2 spear of venom (weapon)
 n - a +0 dagger of flaming
Armour
 a - a +0 robe (worn)
 z - a cursed +0 cloak (worn)
Jewellery
 s - a cursed +5 ring of dexterity (left hand)
 A - a +2 ring of evasion (right hand)
Scrolls
 d - 9 scrolls of identify {unknown}
 k - a scroll of remove curse {unknown}
 l - 2 scrolls of enchant weapon {unknown}
 m - a scroll of noise {unknown}
 p - 2 scrolls of blinking {unknown}
 q - a scroll of magic mapping {unknown}
 v - a scroll of fear {unknown}
 y - a scroll of recharging {unknown}
Potions
 e - a potion of brilliance
 h - a potion of cancellation
 r - a potion of agility {unknown}
 u - a potion of curing {unknown}
Books
 b - a book of Conjurations

   Spells                             Type                      Level
   a - Magic Dart                     Conjuration                  1
   b - Searing Ray                    Conjuration                  2
   c - Dazzling Spray                 Conjuration/Hexes            3
   d - Fulminant Prism                Conjuration/Hexes            4
   e - Iskenderun's Mystic Blast      Conjuration                  4
   f - Iskenderun's Battlesphere      Conjuration/Charms           5
 x - a book of Cantrips

   Spells                             Type                      Level
   a - Confusing Touch                Hexes                        1
   b - Animate Skeleton               Necromancy                   1
   c - Summon Small Mammal            Summoning                    1
   d - Apportation                    Translocation                1
Comestibles
 c - 4 bread rations
 i - a beef jerky
 o - a meat ration
 t - a royal jelly
 w - 2 chunks of flesh


   Skills:
 - Level 2.4 Dodging
 - Level 2.4 Stealth
 * Level 8.1 Spellcasting
 * Level 7.9 Conjurations
 + Level 3.1 Charms


You had 12 spell levels left.
You knew the following spells:

 Your Spells              Type           Power        Failure   Level  Hunger
a - Magic Dart            Conj           ####         1%          1    None
b - Iskenderun's Mystic   Conj           #####...     3%          4    ###....
c - Iskenderun's Battles  Conj/Chrm      ####....     24%         5    #####..


Dungeon Overview and Level Annotations

Branches:
Dungeon (5/15)
 Temple: D:4-7

Altars:
Ashenzari
Cheibriados
Makhleb
Yredelemnul
Zin


Message History

Confirm with . or Enter, or press ? or * to list all spells.
Okay, then.
Unknown command.
It was a potion of cancellation.
Your magical effects are unravelling.
You feel magically purged.
You feel a little less clever now. The kobold zombie closely misses you.
The big kobold zombie barely misses you.
Unknown command.
It was a potion of cure mutation.
It has a very clean taste.
The kobold zombie hits you.
* * * LOW HITPOINT WARNING * * *
The big kobold zombie hits you.
* * * LOW HITPOINT WARNING * * *
It was a potion of degeneration.
There was something very wrong with that liquid.
You feel weakened.
You feel dopey.
You feel clumsy. The kobold zombie hits you.
You die...

... ...... ....
......
....#####......
................
................
...............#
...............#
........@.......
.......ZZ.......
................
.......∩∩.......
................
................
................
................
...............#


You could see a kobold zombie and a big kobold zombie.

Vanquished Creatures
  2 ogres (D:4)
  A necrophage (D:5)
  A howler monkey (D:5)
  2 crimson imps
  An orc priest (D:3)
  2 hounds
  Natasha (thrice) (D:4)
  Ijyb (D:2)
  4 worker ants
  A mummy (D:5)
  3 gnolls (D:3)
  5 adders
  A shadow imp (D:5)
  An ooze (D:4)
  2 adder zombies (Ossuary)
  2 worms
  4 dart slugs
  5 leopard geckos
  4 orcs
  7 bats
  A giant cockroach (D:4)
  8 goblins
  6 hobgoblins
  2 jackals (D:1)
  3 quokkas
  2 ball pythons
  3 frilled lizards
  2 hobgoblin zombies (Ossuary)
  A jackal zombie (Ossuary)
  5 kobolds
  2 kobold zombies (Ossuary)
  An orc zombie (Ossuary)
  A quokka skeleton (D:4)
  8 rats
  2 rat zombies (Ossuary)
99 creatures vanquished.

Notes
Turn   | Place    | Note
-------+----------+-------------------------------------------
     0 | D:1      | lorenzova the Deep Elf Conjurer began the quest for the Orb.
     0 | D:1      | Reached XP level 1. HP: 10/10 MP: 6/6
   365 | D:1      | Reached XP level 2. HP: 13/15 MP: 8/8
   842 | D:2      | Reached skill level 5 in Conjurations
   974 | D:2      | Reached XP level 3. HP: 19/19 MP: 8/10
   985 | D:2      | Reached skill level 4 in Spellcasting
  1021 | D:2      | Noticed Ijyb
  1229 | D:2      | Killed Ijyb
  1229 | D:2      | Reached XP level 4. HP: 4/24 MP: 1/12
  1665 | D:3      | Reached skill level 5 in Spellcasting
  1934 | D:3      | HP: 1/24 [orc priest/nerve-wracking pain (13)]
  2366 | D:2      | Learned a level 4 spell: Iskenderun's Mystic Blast
  2369 | D:3      | Reached XP level 5. HP: 15/28 MP: 8/14
  2626 | D:3      | Found a burning altar of Makhleb.
  2699 | D:3      | Reached skill level 6 in Spellcasting
  3091 | D:4      | Noticed an ogre
  3103 | D:4      | Killed an ogre
  3103 | D:4      | Reached XP level 6. HP: 5/32 MP: 7/17
  3411 | D:4      | Noticed Natasha
  3414 | D:4      | Killed Natasha
  3477 | D:4      | Reached skill level 7 in Spellcasting
  3587 | D:4      | Learned a level 5 spell: Iskenderun's Battlesphere
  3815 | D:4      | Noticed Natasha
  3820 | D:4      | Killed Natasha
  3830 | D:4      | Reached skill level 1 in Charms
  3830 | D:4      | Reached XP level 7. HP: 36/36 MP: 0/19
  3842 | D:4      | Noticed Natasha
  3870 | D:4      | Killed Natasha
  3996 | D:4      | Found a basalt altar of Yredelemnul.
  3999 | D:4      | Found a snail-covered altar of Cheibriados.
  3999 | D:4      | Found a shattered altar of Ashenzari.
  4300 | D:5      | Entered Level 5 of the Dungeon
  4460 | D:5      | Found a glowing silver altar of Zin.
  4460 | D:5      | Noticed an angel
  4513 | D:5      | Reached skill level 8 in Spellcasting
  4662 | D:5      | Found a sand-covered staircase.
  4718 | Ossuary  | Entered an ossuary
  4755 | Ossuary  | Slain by a kobold zombie

Skill      XL: |  1  2  3  4  5  6  7 |
---------------+----------------------+-----
Conjurations   | 5 6 7 |  7.9
Spellcasting   | 4 5 6 7 8 |  8.1
Charms         | 1 3 |  3.1
Dodging        | |  2.4
Stealth        | |  2.4

Action                   |  1- 3 |  4- 6 |  7- 9 || total
-------------------------+-------+-------+-------++-------
Melee: Spear             |    20 |     6 |    13 ||    39
 Cast: Magic Dart        |    61 |   118 |    49 ||   228
       Iskenderun's Myst |       |     9 |     7 ||    16
  Use: Potion            |       |       |     4 ||     4
  Eat: Chunk             |       |     8 |     1 ||     9
       Fruit             |       |       |     4 ||     4
Armor: Robe              |     2 |     3 |    16 ||    21
Dodge: Dodged            |    15 |    17 |    71 ||   103
